 Dungeon Crawl Stone Soup version 0.32-a0-891-gc41d80381e (webtiles) character file.

Game seed: 10948978602926216319

128 Jinxx the Chiller (level 4, -7/32 HPs)
             Began as a Demonspawn Ice Elementalist on Apr 3, 2024.
             Mangled by a gnoll
             ... wielding a +0 halberd
              (12 damage)
             ... on level 4 of the Dungeon.
             The game lasted 00:12:29 (2670 turns).

Jinxx the Chiller (Demonspawn Ice Elementalist)     Turns: 2670, Time: 00:12:30

Health: -7/32      AC:  6    Str:  8    XL:     4   Next: 86%
Magic:  5/8        EV: 11    Int: 17    God:
Gold:   143        SH:  0    Dex: 14    Spells: 1/8 levels left

rFire   . . .        h - staff of conjuration
rCold   . . .        (no shield)
rNeg    . . .        a - +0 robe
rPois   .            (no helmet)
rElec   .            (no cloak)
rCorr   .            (no gloves)
SInv    .            (no boots)
Will    .....        (no amulet)
Stlth   ++           f - +4 ring of protection
HPRegen 0.25/turn    (no ring)
MPRegen 0.11/turn

%: no passive effects
@: very slightly contaminated
A: foul stench 1, spiny 1, demonic touch 1
a: no special abilities


You were on level 4 of the Dungeon.
You visited 1 branch of the dungeon, and saw 4 of its levels.

You collected 143 gold pieces.

Inventory:

Hand Weapons
 l - a +0 sling
Missiles
 d - 19 stones
Armour
 a - a +0 robe (worn)
Magical Staves
 h - a staff of conjuration (weapon)
Jewellery
 f - a +4 ring of protection (left hand)
Scrolls
 c - a scroll of enchant armour {unknown}
 g - a scroll of noise {unknown}
 i - 2 scrolls of brand weapon {unknown}
 m - 2 scrolls of teleportation {unknown}
 o - a scroll of blinking {unknown}
 p - a scroll of amnesia {unknown}
Potions
 e - 4 potions of curing
 j - a potion of ambrosia {unknown}
 k - a potion of heal wounds {unknown}
 n - a potion of attraction {unknown}


   Skills:
 + Level 1.1 Fighting
 + Level 1.1 Armour
 * Level 2.8 Dodging
 + Level 2.2 Stealth
 * Level 2.7 Spellcasting
 * Level 4.1 Ice Magic


You had one spell level left.
You knew the following spells:

 Your Spells              Type           Power      Damage    Failure   Level
a - Freeze                Ice            64%        1d7       3%          1
b - Frozen Ramparts       Ice            32%        1d5       10%         3
c - Ozocubu's Armour      Ice            16%        N/A       10%         3

Your spell library contained the following spells:

 Spells                   Type           Power      Damage    Failure   Level
 Summon Ice Beast         Ice/Summ       9%         N/A       22%         3
 Mercury Vapours          Alch/Air       4%         N/A       26%         2
 Mephitic Cloud           Conj/Alch/Air  3%         N/A       47%         3
 Freezing Cloud           Conj/Ice/Air   5%         6-21      96%         5


Dungeon Overview and Level Annotations

Branches:
Dungeon (4/15)
 Temple: D:4-7

Altars:
Ru


Innate Abilities, Weirdness & Mutations

You may rarely emit foul miasma when damaged in melee.
You are partially covered in sharp spines.
Your touch may inflict minor irresistible damage on your foes.


Message History

Aim: a gnoll, wielding a +0 halberd You freeze the gnoll.
The gnoll is moderately wounded.
The gnoll closely misses you.
Aiming: Freeze (safe; 3% risk of failure)
Press: ? - help, Q - select action, (/) - cycle Shift-Dir - straight line, f/p - gnoll
Aim: a gnoll, wielding a +0 halberd (moderately wounded)
You freeze the gnoll.
The gnoll is heavily wounded.
A hound comes into view.
The gnoll hits you but does no damage.
It was a potion of curing.
You feel better. The gnoll hits you with a +0 halberd!
Aiming: Freeze (safe; 3% risk of failure)
Press: ? - help, Q - select action, (/) - cycle Shift-Dir - straight line, f/p - gnoll
Aim: a gnoll, wielding a +0 halberd (moderately wounded)
You freeze the gnoll.
The gnoll is heavily wounded.
The hound barks!
The gnoll hits you with a +0 halberd.
The gnoll hits you from afar with a +0 halberd!
* * * LOW HITPOINT WARNING * * *
Magic courses through your body. The hound is struck by your spines.
The hound barely misses you. The gnoll barely misses you.
Aiming: Freeze (safe; 3% risk of failure)
Press: ? - help, Q - select action, (/) - cycle Shift-Dir - straight line, f - hound, p - gnoll
Aim: a hound (lightly wounded)
Okay, then.
Sorry, you're not good enough to have a special ability.
Casting: Freeze (safe; 3% risk of failure)
Confirm with . or Enter, or press ? or * to list all spells.
Casting: Frozen Ramparts (quite dangerous; 10% risk of failure)
Press: ? - help, Dir - look around, f - activate You miscast Frozen Ramparts.
You are very lightly contaminated with residual magic.
A chill runs through your body.
* * * LOW HITPOINT WARNING * * *
The hound is struck by your spines. The hound bites you but does no damage.
The gnoll hits you from afar with a +0 halberd!
You die...

#.# #.. ... ##.##
..[ .. #.###...#
#g.$..... #h####.##
# ##### #@# #. #...#
#.# ###.##...####.#
...........##.####.#
..................#
#.......#########
###..<### #...#
#####


You could see a hound and a gnoll.

Vanquished Creatures
  A jelly (D:4)
  A gnoll (D:4)
  2 adders
  A dart slug (D:1)
  A ribbon worm (D:2)
  3 bats
  5 endoplasms
  7 giant cockroaches
  7 goblins
  7 hobgoblins
  4 jackals (D:1)
  A quokka (D:2)
  8 ball pythons
  A frilled lizard (D:1)
  6 kobolds
  7 rats
62 creatures vanquished.

Notes
Turn   | Place    | Note
-------+----------+-------------------------------------------
     0 | D:1      | Jinxx the Demonspawn Ice Elementalist began the quest for
                  | the Orb.
     0 | D:1      | Reached XP level 1. HP: 13/13 MP: 3/3
   235 | D:1      | Gained mutation: You may rarely emit foul miasma when
                  | damaged in melee. [demonic ancestry]
   235 | D:1      | Reached XP level 2. HP: 19/19 MP: 3/5
   560 | D:1      | Gained mutation: You are partially covered in sharp spines.
                  | [demonic ancestry]
   560 | D:1      | Reached XP level 3. HP: 16/25 MP: 3/6
  1144 | D:2      | Found a faded altar of an unknown god.
  1397 | D:2      | Learned a level 3 spell: Frozen Ramparts
  1401 | D:2      | Learned a level 3 spell: Ozocubu's Armour
  1790 | D:3      | Found a sacrificial altar of Ru.
  1801 | D:3      | Gained mutation: Your touch may inflict minor irresistible
                  | damage on your foes. [demonic ancestry]
  1801 | D:3      | Reached XP level 4. HP: 31/31 MP: 7/7
  2050 | D:3      | Reached skill level 4 in Ice Magic
  2571 | D:4      | Reached skill level 1 in Fighting
  2571 | D:4      | Reached skill level 1 in Armour
  2670 | D:4      | Mangled by a gnoll

Illustrated notes

Levels and vault maps discovered:
D:1:      dpeg_arrival_round_c, layout_loops_cross, minmay_misc_feat_square,
          minmay_split_cup_large
D:2:      layout_basic, hellmonk_ecumenical_altar_inner_sanctum,
          grunt_ministairs_11, amcnicky_mini_pool_small,
          hangedman_decor_riveting, minmay_tromino_v4_b
D:3:      layout_basic, zin_treasury, nicolae_ru_sacrificial_ziggurat
D:4:      layout_loops_ring, gammafunk_temple_overflow_wave,
          dreamdust_gnoll_farm

Skill      XL: |  1  2  3  4 |
---------------+-------------+-----
Dodging        | 2 |  2.8
Stealth        | 2 |  2.2
Ice Magic      | 4 |  4.1
Fighting       | 1 |  1.1
Armour         | 1 |  1.1
Spellcasting   | |  2.7

Action                     |  1- 3 |  4- 6 || total
---------------------------+-------+-------++-------
  Melee: Dagger            |     7 |       ||     7
         Short sword       |    12 |       ||    12
         Staff             |    52 |    18 ||    70
         Touch             |       |     4 ||     4
   Cast: Freeze            |    34 |     6 ||    40
         Frozen Ramparts   |       |     2 ||     2
    Use: Potion            |       |     2 ||     2
   Stab: Sleeping          |     5 |     1 ||     6
 Armour: Robe              |    49 |    18 ||    67
  Dodge: Dodged            |    45 |    17 ||    62

Table legend: (Time is in decaauts)
 A = Elapsed time spent in this place.
 B = Non-inter-level travel time spent in this place.
 C = Inter-level travel time spent in this place.
 D = Time resting spent in this place.
 E = Time spent auto-exploring this place.
 F = Levels seen in this place.
 G = Mean time per level.
                   A        B        C        D        E       F      G
               +--------+--------+--------+--------+--------+-----+--------+
         Total |   2681 |   2681 |      0 |    222 |   1750 |   4 |  670.2 |
       Dungeon |   2681 |   2681 |      0 |    222 |   1750 |   4 |  670.2 |
               +--------+--------+--------+--------+--------+-----+--------+

Top non-repeatable levels by time:
     D:1: 964 daAuts
     D:3: 821 daAuts
     D:2: 791 daAuts
     D:4: 104 daAuts
